[Event "Titled Tuesday Blitz December 06 Early 2022"]
[White "Lamaze, Simon"]
[Black "Ibarra Jerez, Jose Carlos"]
[WhiteFideId "36069264"]
[BlackFideId "2226332"]
[WhiteElo "2642"]
[BlackElo "2799"]
[Result "0-1"]
[Round "08"]
[TimeControl "180+1"]
[Date "2022.12.07"]
[WhiteClock "0:02:03"]
[BlackClock "0:02:19"]

1. e3 Nf6 2. Nf3 g6 3. b3 Bg7 4. Be2 c5 5. O-O Ne4 6. c3 O-O 7. d4 d5 8. c4 dxc4 9. bxc4 Nc6 10. Bb2 cxd4 11. exd4 Qb6 12. Nbd2 Qxb2 13. Nxe4 Nxd4 14. Nxd4 Qxd4 0-1


[Site "https://www.chess.com"]

[Event "Titled Tuesday Blitz December 06 Early 2022"]
[White "Larina, Maria"]
[Black "Makhmudov, Shukhrat"]
[WhiteFideId "24113182"]
[BlackFideId "14200775"]
[WhiteElo "1848"]
[BlackElo "2135"]
[Result "0-1"]
[Round "08"]
[TimeControl "180+1"]
[Date "2022.12.07"]
[WhiteClock "0:00:01"]
[BlackClock "0:00:05"]

1. e4 e5 2. Nf3 Nc6 3. Nc3 Nf6 4. Bb5 Nd4 5. Bc4 Nxf3+ 6. gxf3 Be7 7. Rg1 g6 8. f4 d6 9. d4 exf4 10. Bxf4 Nxe4 11. Bxf7+ Kxf7 12. Nxe4 d5 13. Ng5+ Bxg5 14. Bxg5 Re8+ 15. Be3 Qd6 16. Qf3+ Bf5 17. O-O-O Re4 18. h4 h5 19. Rg5 Rae8 20. Rxf5+ gxf5 21. Qxf5+ Qf6 22. Qxd5+ Qe6 23. Qxh5+ Ke7 24. Bg5+ Kd7 25. Qh7+ Kc8 26. d5 Qd7 27. Qxd7+ Kxd7 28. h5 Re1 29. h6 Rxd1+ 30. Kxd1 Rh8 31. Ke2 Kd6 32. c4 Ke5 33. f4+ Ke4 34. b3 b5 35. Kd2 bxc4 36. bxc4 Rh7 37. Kc3 a5 38. Kb3 Rf7 39. Ka4 Kd4 40. Kb5 a4 41. Kb4 a3 42. Kb3 Kc5 43. Kc3 c6 44. dxc6 Kxc6 45. Kb4 Kb6 46. Kxa3 Kc5 47. Kb3 Kd4 48. a4 Rb7+ 49. Kc2 Kxc4 50. a5 Ra7 51. a6 Rxa6 52. h7 Ra2+ 53. Kb1 Rh2 54. Bf6 Rxh7 55. Kc2 Rh2+ 56. Kd1 Kd3 57. Ke1 Ke3 58. Kf1 Kxf4 59. Kg1 Re2 60. Bd4 Kf3 61. Bb6 Rc2 0-1


[Site "https://www.chess.com"]

[Event "Titled Tuesday Blitz December 06 Early 2022"]
[White "Lawson, Eric"]
[Black "Korchmar, Vasiliy"]
[WhiteFideId "2604116"]
[BlackFideId "24131750"]
[WhiteElo "2584"]
[BlackElo "2370"]
[Result "0-1"]
[Round "08"]
[TimeControl "180+1"]
[Date "2022.12.07"]
[WhiteClock "0:00:10"]
[BlackClock "0:00:09"]

1. d4 d5 2. Bg5 Nf6 3. Bxf6 gxf6 4. e3 c5 5. c4 cxd4 6. exd4 Nc6 7. Nc3 e5 8. cxd5 Nxd4 9. Nge2 Bc5 10. Rc1 Bg4 11. h3 Bh5 12. Qa4+ Kf8 13. Nxd4 exd4 14. Ne4 Qxd5 15. Nxc5 Re8+ 16. Kd2 Qg5+ 17. Kc2 Qxc5+ 18. Qc4 Bg6+ 19. Kb3 Qb6+ 20. Qb4+ Qxb4+ 21. Kxb4 d3 22. Rd1 Rd8 23. h4 h6 24. h5 Bh7 25. Rh3 d2 26. Kc3 Rc8+ 27. Kxd2 Rc2+ 28. Ke1 Bf5 29. Rf3 Bg4 30. Rd8+ Kg7 31. Rxh8 Bxf3 32. Rb8 Bxh5 33. f3 Rxb2 34. Bc4 Bg6 35. g4 f5 36. Ra8 a6 37. Rb8 b5 38. Bb3 fxg4 39. fxg4 Kf6 40. Rb6+ Kg5 41. Rxa6 Kxg4 42. Rb6 h5 43. Rxb5 Kg3 44. Rg5+ Kf4 45. Rc5 h4 46. Rc4+ Kg5 47. Rc5+ f5 48. Rc2 Rb1+ 49. Kf2 h3 50. Kg3 f4+ 51. Kxh3 Bxc2 52. Bxc2 Rc1 53. Bb3 Rc3+ 54. Kg2 Kg4 55. Kf2 Rf3+ 56. Kg2 Re3 57. Kf2 Kf5 58. Bd1 Ra3 59. Bc2+ Ke5 60. Bb3 Ra7 61. Kf3 Rg7 62. Bd1 Rg3+ 63. Kf2 Rd3 64. Bb3 Kd4 65. Bf7 Re3 66. Bb3 Re5 67. Bf7 Rc5 68. Kf3 Ke5 69. Bb3 Rc3+ 70. Kf2 Ke4 71. Bf7 Rc2+ 72. Kf1 Ke3 73. Bb3 Rb2 74. Kg1 f3 75. Bc4 Rb1+ 76. Kh2 Rc1 77. Bb5 Rc2+ 78. Kg3 Rxa2 79. Bc4 Rg2+ 80. Kh3 Rg7 81. Kh4 f2 82. Kh3 Kd2 83. Bf1 Ke1 0-1


[Site "https://www.chess.com"]

[Event "Titled Tuesday Blitz December 06 Early 2022"]
[White "Laylo, Darwin"]
[Black "Timofeev, Artyom"]
[WhiteFideId "5201330"]
[BlackFideId "4140419"]
[WhiteElo "2335"]
[BlackElo "2586"]
[Result "0-1"]
[Round "08"]
[TimeControl "180+1"]
[Date "2022.12.06"]
[WhiteClock "0:00:04"]
[BlackClock "0:00:10"]

1. d4 d5 2. Nf3 e6 3. g3 b5 4. Bg2 Bb7 5. O-O Nf6 6. a4 b4 7. c4 bxc3 8. bxc3 Nbd7 9. c4 dxc4 10. Qc2 Bd6 11. Nbd2 O-O 12. Nxc4 Be4 13. Qd2 Rb8 14. Nxd6 cxd6 15. Ba3 Nb6 16. Rfc1 Bd5 17. Qd3 Nxa4 18. Ne5 Bxg2 19. Kxg2 dxe5 20. dxe5 Qxd3 21. exd3 Rfd8 22. Bd6 Rxd6 23. exd6 Nb6 24. Rxa7 Nbd7 25. Rcc7 Rd8 26. f4 h5 27. Kf3 g6 28. h3 e5 29. g4 hxg4+ 30. hxg4 exf4 31. g5 Ne5+ 32. Kxf4 Nxd3+ 33. Kg3 Ne4+ 34. Kh4 Ne5 35. d7 Kf8 36. Ra4 Nd6 37. Ra5 Nxd7 38. Raa7 Ke7 39. Kh3 Nf5 40. Kg4 Ne3+ 41. Kf3 Nd5 42. Rc1 Kd6 43. Re1 Rb8 44. Rd1 Rb3+ 45. Kg2 Rb5 46. Ra6+ Nb6 47. Ra7 Nd7 48. Ra6+ Rb6 49. Ra7 Rb2+ 50. Kg3 Nc5 51. Ra8 Ne4+ 52. Kf3 Nxg5+ 53. Kg4 Ne6 54. Ra6+ Ke5 55. Ra5 f5+ 56. Kf3 Rb3+ 57. Kg2 Nf4+ 58. Kh1 Kf6 59. Ra6+ Kg5 60. Rg1+ Kh5 61. Rf1 Rh3+ 62. Kg1 Rg3+ 63. Kf2 Rg2+ 64. Ke1 Nd3+ 0-1


[Site "https://www.chess.com"]

[Event "Titled Tuesday Blitz December 06 Early 2022"]
[White "Lehtosaari, Mauri"]
[Black "Liu, Xiangyi"]
[WhiteFideId "501999"]
[BlackFideId "8605718"]
[WhiteElo "2503"]
[BlackElo "2323"]
[Result "0-1"]
[Round "08"]
[TimeControl "180+1"]
[Date "2022.12.07"]
[WhiteClock "0:00:01"]
[BlackClock "0:00:19"]

1. d4 Nf6 2. Nf3 b6 3. Bg5 Ne4 4. Bf4 Bb7 5. Nbd2 d5 6. e3 Nd7 7. Nxe4 dxe4 8. Nd2 e6 9. Bc4 Bd6 10. Qg4 Nf6 11. Qh4 h6 12. h3 Qd7 13. a4 O-O-O 14. Bxd6 cxd6 15. Bb5 Qc7 16. O-O g5 17. Qg3 Nh5 18. Qg4 Ng7 19. Qg3 Nf5 20. Qh2 a6 21. Be2 h5 22. Rfc1 Rdg8 23. c4 g4 24. hxg4 hxg4 25. Qf4 f6 26. Bxg4 Rh4 27. Bxf5 Rxf4 28. Bxe6+ Kb8 29. Bxg8 Rg4 30. Be6 Rg5 31. Bh3 a5 32. c5 dxc5 33. Nc4 Ka7 34. Na3 Ba6 35. Rc2 Qh7 36. Kh2 cxd4 37. Rac1 Rg7 38. exd4 Qh6 39. Rc7+ Rxc7 40. Rxc7+ Kb8 41. Rc6 Kb7 42. Re6 Qf4+ 43. Kg1 Qc1+ 44. Kh2 Qxb2 45. Re7+ Kc6 46. Nb5 Bxb5 47. axb5+ Kxb5 48. Rxe4 a4 49. Bd7+ Ka5 50. d5 b5 51. d6 Qd2 52. Re7 Qxd6+ 0-1


[Site "https://www.chess.com"]

[Event "Titled Tuesday Blitz December 06 Early 2022"]
[White "Lenderman, Aleksandr"]
[Black "Bortnyk, Olexandr"]
[WhiteFideId "2021285"]
[BlackFideId "14120828"]
[WhiteElo "2607"]
[BlackElo "2723"]
[Result "1-0"]
[Round "08"]
[TimeControl "180+1"]
[Date "2022.12.06"]
[WhiteClock "0:01:43"]
[BlackClock "0:00:24"]

1. d4 d6 2. e4 Nf6 3. Nc3 e5 4. dxe5 dxe5 5. Qxd8+ Kxd8 6. Bc4 Be6 7. Bxe6 fxe6 8. f3 Bb4 9. Bd2 Nc6 10. Nh3 Ke7 11. Nf2 Bxc3 12. Bxc3 Rad8 13. Nd3 Nd7 14. h4 g6 15. O-O-O Rhf8 16. Rh3 b5 17. Rdh1 a5 18. Bd2 Nf6 19. Bg5 Rh8 20. h5 Rdg8 21. hxg6 Rxg6 22. Rxh7+ Rxh7 23. Rxh7+ Kd6 24. Bxf6 Rxf6 25. c3 Rg6 26. g4 Rf6 27. Rh3 Ne7 28. f4 Ng6 29. Rh6 Ke7 30. g5 Rxf4 31. Nxf4 Nxf4 32. Kd2 c5 33. Rh7+ Kd6 34. Rf7 c4 35. Ke3 b4 36. Rxf4 exf4+ 37. Kxf4 e5+ 38. Kf5 a4 39. a3 1-0


[Site "https://www.chess.com"]

[Event "Titled Tuesday Blitz December 06 Early 2022"]
[White "Leve, Nitai"]
[Black "Skliarov, Viktor"]
[WhiteFideId "2006898"]
[BlackFideId "14106736"]
[WhiteElo "2144"]
[BlackElo "2284"]
[Result "1-0"]
[Round "08"]
[TimeControl "180+1"]
[Date "2022.12.07"]
[WhiteClock "0:01:46"]
[BlackClock "0:00:21"]

1. e4 c5 2. Nf3 Nc6 3. d4 cxd4 4. Nxd4 g6 5. Nc3 Bg7 6. Be3 Nf6 7. Be2 O-O 8. f4 d5 9. e5 Ne8 10. Bf3 Nc7 11. O-O Nxd4 12. Qxd4 e6 13. Rac1 b6 14. Qb4 Ba6 15. Rfd1 Rc8 16. Ne4 dxe4 17. Rxd8 exf3 18. Rxc8 Rxc8 19. c4 fxg2 20. Kxg2 Bb7+ 21. Kf2 Rd8 22. Qe7 Rc8 23. Rd1 Bf8 24. Rd8 Rxd8 25. Qxd8 Na6 26. f5 1-0


[Site "https://www.chess.com"]

[Event "Titled Tuesday Blitz December 06 Early 2022"]
[White "Madaminov, Mukhiddin"]
[Black "Weetik, Vjacheslav"]
[WhiteFideId "14210703"]
[BlackFideId "4153472"]
[WhiteElo "2333"]
[BlackElo "2469"]
[Result "1-0"]
[Round "08"]
[TimeControl "180+1"]
[Date "2022.12.06"]
[WhiteClock "0:01:06"]
[BlackClock "0:00:02"]

1. d4 Nf6 2. Nc3 d5 3. Bf4 c5 4. e4 Nxe4 5. Nxe4 dxe4 6. dxc5 Qa5+ 7. c3 Qxc5 8. Qa4+ Nc6 9. Qxe4 Bf5 10. Qa4 g6 11. Qb3 Bg7 12. Be3 Qa5 13. Nf3 O-O 14. Be2 Qc7 15. O-O e5 16. Rfd1 Rfd8 17. h3 h6 18. Rxd8+ Rxd8 19. Rd1 Rxd1+ 20. Qxd1 Be6 21. a4 f5 22. g3 Kh7 23. Qd2 b6 24. h4 Na5 25. Qe1 Nc4 26. Bc1 Qc5 27. Nd2 Nd6 28. Qd1 e4 29. Nb3 Qd5 30. Nd4 Bd7 31. b3 Nb7 32. Bc4 Qd6 33. Bf4 Qe7 34. Bd5 Nc5 35. Bc4 Be8 36. h5 Bf7 37. hxg6+ Bxg6 38. Nc6 Qf6 39. Nxa7 Qxc3 40. Nb5 Qa1 41. Qxa1 Bxa1 42. Bc7 f4 43. Bxf4 Nd3 44. Be3 Nb2 45. Be6 Be8 46. Bd4 1-0


[Site "https://www.chess.com"]

[Event "Titled Tuesday Blitz December 06 Early 2022"]
[White "Maksimovic, Bojan"]
[Black "Han, Yichen"]
[WhiteFideId "14408120"]
[BlackFideId "1054430"]
[WhiteElo "2462"]
[BlackElo "2323"]
[Result "0-1"]
[Round "08"]
[TimeControl "180+1"]
[Date "2022.12.07"]
[WhiteClock "0:01:55"]
[BlackClock "0:00:08"]

1. e4 c5 2. Nf3 Nc6 3. d4 cxd4 4. Nxd4 Nf6 5. Nc3 e5 6. Ndb5 d6 7. Bg5 a6 8. Bxf6 gxf6 9. Na3 b5 10. Nd5 f5 11. Bd3 Bg7 12. Qh5 Ne7 13. Nxe7 Qxe7 14. c3 O-O 15. O-O f4 16. Nc2 Be6 17. Nb4 Qb7 18. Nd5 f5 19. Rad1 Bxd5 20. exd5 e4 21. Bc2 Rf6 22. f3 Qa7+ 23. Kh1 e3 24. Rfe1 Raf8 25. Qh4 Bh6 26. Rd4 Qg7 27. a3 Bg5 28. Qh3 Rh6 29. Bxf5 Rxh3 30. Bxh3 Bh4 31. Re2 Qg6 32. g3 Bg5 33. Be6+ Kh8 34. h4 Bh6 35. g4 Bg7 36. Re4 Qf6 37. g5 Qg6 38. Bg4 h6 39. Re6 Qb1+ 40. Kg2 hxg5 41. Kh3 Qh1+ 42. Rh2 Qf1+ 43. Rg2 Rf6 44. Re8+ Kh7 45. hxg5 Rf7 46. Be6 Rf8 47. Re7 Kg6 48. Kh2 Rh8+ 49. Bh3 Qxf3 50. Re6+ Kf7 51. g6+ Kf8 0-1


[Site "https://www.chess.com"]

[Event "Titled Tuesday Blitz December 06 Early 2022"]
[White "Matinian, Nikita"]
[Black "Vlassov, Nikolai"]
[WhiteFideId "24129100"]
[BlackFideId "4103360"]
[WhiteElo "2422"]
[BlackElo "2324"]
[Result "0-1"]
[Round "08"]
[TimeControl "180+1"]
[Date "2022.12.07"]
[WhiteClock "0:00:03"]
[BlackClock "0:00:04"]

1. e4 c5 2. Nf3 d6 3. d4 cxd4 4. Nxd4 Nf6 5. Nc3 g6 6. Be3 a6 7. f3 Nbd7 8. Qd2 Qc7 9. g4 h6 10. h4 Bg7 11. O-O-O b5 12. a3 Bb7 13. Be2 Ne5 14. g5 hxg5 15. hxg5 Nfd7 16. Rxh8+ Bxh8 17. Rh1 Bg7 18. Rh7 Kf8 19. f4 Nc4 20. Bxc4 Qxc4 21. Qh2 Kg8 22. Rxg7+ Kxg7 23. Qh6+ Kg8 24. f5 Nf8 25. Nce2 Nh7 26. fxg6 fxg6 27. Qxg6+ Kh8 28. b3 Qg8 29. Qh6 Bxe4 30. Ne6 Qg6 31. Bd4+ Kg8 32. Qxg6+ Bxg6 33. N2f4 Bf5 34. g6 Nf6 35. Bxf6 exf6 36. Nc7 Rc8 37. Nfd5 Kg7 38. Kd2 Be4 39. Ne6+ Kxg6 40. Ne7+ Kf7 41. Nxc8 Kxe6 42. a4 Bb7 43. Nb6 f5 44. Ke3 d5 45. c3 Kd6 46. a5 b4 47. cxb4 Kc6 48. Kd4 Kb5 49. Kc3 f4 50. Nd7 f3 51. Kd2 Kxb4 52. Ne5 d4 53. Nd3+ Kxa5 54. Nc5 Bd5 55. Nd3 Kb5 56. Nf4 Be4 57. Ne6 d3 58. Ng5 f2 59. Nxe4 f1=Q 60. Kc3 Qe2 61. Nd6+ Kc5 62. Nc4 Qc2# 0-1


[Site "https://www.chess.com"]

[Event "Titled Tuesday Blitz December 06 Early 2022"]
[White "Matveeva, Olga"]
[Black "Rangel, Daniel"]
[WhiteFideId "24107018"]
[BlackFideId "2124475"]
[WhiteElo "2056"]
[BlackElo "2225"]
[Result "0-1"]
[Round "08"]
[TimeControl "180+1"]
[Date "2022.12.07"]
[WhiteClock "0:00:05"]
[BlackClock "0:00:09"]

1. d4 d5 2. c4 c6 3. Nf3 Nf6 4. e3 e6 5. b3 Nbd7 6. Bb2 Bd6 7. Bd3 O-O 8. O-O Qe7 9. Re1 e5 10. e4 dxe4 11. Bxe4 Nxe4 12. Rxe4 f5 13. Re1 e4 14. Nbd2 Nf6 15. Ne5 Nd7 16. f4 c5 17. b4 cxd4 18. c5 Bxe5 19. fxe5 Nxe5 20. Bxd4 Nd3 21. Re3 Qf7 22. Nf3 Nxb4 23. Ng5 Qd5 24. Qh5 Rf7 25. Qxh7+ Kf8 26. Qh8+ Ke7 27. Rd1 Nc2 28. Nxf7 Nxd4 29. Qxg7 Nf3+ 30. Rxf3 Qxd1+ 31. Rf1 Qh5 32. Nd6+ Kd8 33. Qf8+ Kc7 34. Nb5+ Kc6 35. Qd6+ Kxb5 36. Rb1+ Kc4 37. Rc1+ Kb5 38. Rb1+ Kc4 39. c6 Qh8 40. Rc1+ Qc3 41. Rxc3+ Kxc3 42. cxb7 Bxb7 43. Qc7+ Kd2 44. Qxb7 Rd8 0-1


[Site "https://www.chess.com"]

[Event "Titled Tuesday Blitz December 06 Early 2022"]
[White "Mazurkiewicz, Michal"]
[Black "Osmonbekov, Talaibek"]
[WhiteFideId "1124943"]
[BlackFideId "2017253"]
[WhiteElo "2081"]
[BlackElo "2135"]
[Result "1-0"]
[Round "08"]
[TimeControl "180+1"]
[Date "2022.12.07"]
[WhiteClock "0:01:43"]
[BlackClock "0:00:35"]

1. e4 c5 2. Nf3 d6 3. g3 Nf6 4. d3 g6 5. Bg2 Bg7 6. O-O Nc6 7. Re1 O-O 8. e5 Ng4 9. exd6 exd6 10. Nc3 h6 11. Nd5 Kh7 12. c3 Be6 13. Nf4 Bf5 14. h3 Nge5 15. g4 Bd7 16. Nxe5 dxe5 17. Nd5 Be6 18. c4 Nd4 19. Be3 Rb8 20. b4 Bxd5 21. Bxd5 cxb4 22. Bxd4 exd4 23. Qf3 Qd7 24. Re2 f5 25. Be6 Qe7 26. Bg8+ Kxg8 27. Rxe7 Bf6 28. Qd5+ Kh8 29. Rxb7 Rxb7 30. Qxb7 fxg4 31. hxg4 Bh4 32. f3 Bg5 33. Kg2 Re8 34. Qxb4 Bf4 35. Re1 Rb8 36. Qxb8+ Bxb8 37. Re8+ Kg7 38. Rxb8 1-0


[Site "https://www.chess.com"]

[Event "Titled Tuesday Blitz December 06 Early 2022"]
[White "Mihailidis, Anastasios"]
[Black "Tsatsalashvili, Keti"]
[WhiteFideId "4205588"]
[BlackFideId "13603434"]
[WhiteElo "2312"]
[BlackElo "2220"]
[Result "1-0"]
[Round "08"]
[TimeControl "180+1"]
[Date "2022.12.07"]
[WhiteClock "0:01:24"]
[BlackClock "0:00:18"]

1. e4 c5 2. Nf3 d6 3. d4 cxd4 4. Nxd4 Nf6 5. f3 e5 6. Nb3 d5 7. Bg5 Be6 8. Bxf6 gxf6 9. exd5 Qxd5 10. Qxd5 Bxd5 11. Nc3 Bc6 12. O-O-O Nd7 13. Nb5 Bh6+ 14. Kb1 Ke7 15. Nd6 Bg7 16. Bc4 Nb6 17. Nf5+ Kf8 18. Bd3 Rg8 19. Be4 Bd7 20. g4 Rb8 21. Nc5 Bxf5 22. Bxf5 Ke7 23. a4 Rgd8 24. Rxd8 Rxd8 25. b3 Rb8 26. Bxh7 a5 27. Be4 Nd7 28. Nxb7 Ra8 29. Rd1 Ra7 30. Nd6 Bh6 31. Nf5+ Ke8 32. Nxh6 1-0


[Site "https://www.chess.com"]

[Event "Titled Tuesday Blitz December 06 Early 2022"]
[White "Mikhailovsky, Vladimir"]
[Black "Oparin, Grigoriy"]
[WhiteFideId "34105414"]
[BlackFideId "24125890"]
[WhiteElo "2295"]
[BlackElo "2641"]
[Result "1-0"]
[Round "08"]
[TimeControl "180+1"]
[Date "2022.12.06"]
[WhiteClock "0:00:09"]
[BlackClock "0:00:17"]

1. e4 c6 2. c4 d5 3. cxd5 cxd5 4. exd5 Nf6 5. Qa4+ Nbd7 6. Nc3 g6 7. Nf3 Bg7 8. Bc4 O-O 9. d3 a6 10. Qa3 b5 11. Bxb5 Nb6 12. Bc6 Ra7 13. Be3 Bg4 14. Qa5 Nc8 15. Qxd8 Rxd8 16. Bxa7 Nxa7 17. O-O Bxf3 18. gxf3 Nh5 19. Rfe1 Nf4 20. Rxe7 Nc8 21. Re8+ Rxe8 22. Bxe8 Nd6 23. Bc6 f5 24. Rd1 Kf7 25. Kf1 g5 26. Ne2 Nxe2 27. Kxe2 Bxb2 28. Rb1 Bd4 29. Rb8 a5 30. Rd8 Bc5 31. d4 Bb4 32. Kd3 h5 33. Rd7+ Kf6 34. Rh7 Kg6 35. Re7 h4 36. Re6+ Kf7 37. Re2 Kf6 38. Bd7 Kf7 39. Rc2 Ke7 40. Be6 Kf6 41. Rc6 h3 42. Kc2 Nb5 43. Bc8+ Ke7 44. Kd3 Nd6 45. Be6 Be1 46. Rc7+ Kf6 47. Rd7 Bb4 48. Rh7 Ne8 49. Rxh3 Bd6 50. Rh8 Ng7 51. Rh6+ Ke7 52. Rg6 Nh5 53. Rxg5 Nf4+ 54. Kc4 Nh3 55. Rxf5 Nxf2 56. Rf7+ Ke8 57. h4 Nd1 58. h5 Nb2+ 59. Kb5 Nd3 60. h6 1-0


[Site "https://www.chess.com"]

[Event "Titled Tuesday Blitz December 06 Early 2022"]
[White "Miszler, Levente"]
[Black "Ghosh, Chanchal Kumer"]
[WhiteFideId "763276"]
[BlackFideId "10201858"]
[WhiteElo "2176"]
[BlackElo "2058"]
[Result "0-1"]
[Round "08"]
[TimeControl "180+1"]
[Date "2022.12.07"]
[WhiteClock "0:00:03"]
[BlackClock "0:00:08"]

1. e4 c5 2. Nc3 e6 3. g3 Nc6 4. Bg2 d6 5. d3 Nf6 6. f4 Be7 7. Nf3 O-O 8. O-O a6 9. h3 Qc7 10. g4 b5 11. g5 Nh5 12. Nh2 g6 13. Ng4 Bb7 14. Nh6+ Kg7 15. f5 exf5 16. exf5 Bd8 17. Nd5 Qd7 18. fxg6 hxg6 19. b3 Ne5 20. Bb2 Ra7 21. Ng4 Bxd5 22. Bxd5 f6 23. gxf6+ Bxf6 24. Bxe5 Bxe5 25. Rxf8 Kxf8 26. Qf3+ Kg7 27. Rf1 Qe7 28. Qe4 Bd4+ 29. Kh2 Qxe4 30. Bxe4 Rf7 31. Rxf7+ Kxf7 32. Kg2 Nf4+ 33. Kg3 Ne6 34. Bd5 g5 35. Kf3 Ke7 36. Bxe6 Kxe6 37. Nh6 a5 38. Kg4 Bf6 39. Nf5 a4 40. Ne3 Ke5 41. Nf5 d5 42. bxa4 bxa4 43. c3 Ke6 44. Ne3 Bxc3 45. Nd1 Bf6 46. Ne3 Ke5 47. Nf5 c4 48. dxc4 dxc4 49. Ne3 Kd4 50. Nc2+ Kc3 51. Na3 Kb4 52. Nc2+ Kc3 53. Na3 Kd3 54. Kf5 Bd8 55. Ke5 c3 56. h4 c2 57. Kd5 gxh4 0-1


[Site "https://www.chess.com"]

[Event "Titled Tuesday Blitz December 06 Early 2022"]
[White "Mitrovic, Darko R"]
[Black "Lauridsen, Jesper Morch"]
[WhiteFideId "927023"]
[BlackFideId "1401890"]
[WhiteElo "2150"]
[BlackElo "2258"]
[Result "0-1"]
[Round "08"]
[TimeControl "180+1"]
[Date "2022.12.07"]
[WhiteClock "0:00:01"]
[BlackClock "0:00:41"]

1. a4 a5 2. h4 Nc6 3. b3 e5 4. c4 Bc5 5. g3 d5 6. Nc3 dxc4 7. bxc4 Bf5 8. Bg2 Nb4 9. Be4 Bxf2+ 10. Kxf2 Bxe4 11. Nxe4 Qd4+ 12. Kg2 Qxa1 13. Nf3 Nf6 14. Nxf6+ gxf6 15. Qb3 e4 16. Bb2 exf3+ 17. exf3 Qa2 18. Re1+ Kd7 19. Qc3 Rae8 20. Qd4+ Kc8 21. Rxe8+ Rxe8 22. Qxf6 Qxc4 23. Qf5+ Kb8 24. Qxa5 Re2+ 25. Kh3 Qe6+ 26. g4 Qd6 27. g5 Qe6+ 28. Kg3 Nd3 29. Bc3 Qd6+ 30. Kg4 Ne5+ 0-1


[Site "https://www.chess.com"]

[Event "Titled Tuesday Blitz December 06 Early 2022"]
[White "Mkrtchian, Lilit"]
[Black "Buscar, Michael"]
[WhiteFideId "13300601"]
[BlackFideId "2603616"]
[WhiteElo "2316"]
[BlackElo "2010"]
[Result "1-0"]
[Round "08"]
[TimeControl "180+1"]
[Date "2022.12.07"]
[WhiteClock "0:01:59"]
[BlackClock "0:01:17"]

1. Nf3 Nf6 2. g3 g6 3. Bg2 Bg7 4. c4 c5 5. O-O O-O 6. d4 cxd4 7. Nxd4 Nc6 8. Nc3 Nxd4 9. Qxd4 d6 10. Qd3 a6 11. Bg5 Qc7 12. Bxf6 Bxf6 13. Nd5 Qc5 14. Nxf6+ exf6 15. Rfd1 Bf5 16. Qd4 Rab8 17. b3 b5 18. cxb5 Qxb5 19. e3 Bg4 20. Qxg4 1-0


[Site "https://www.chess.com"]

[Event "Titled Tuesday Blitz December 06 Early 2022"]
[White "Moroni, Luca Jr"]
[Black "Raahul V S"]
[WhiteFideId "865834"]
[BlackFideId "25035525"]
[WhiteElo "2573"]
[BlackElo "2202"]
[Result "1-0"]
[Round "08"]
[TimeControl "180+1"]
[Date "2022.12.06"]
[WhiteClock "0:01:52"]
[BlackClock "0:00:49"]

1. d4 d5 2. Bf4 Nf6 3. e3 c5 4. dxc5 Qa5+ 5. Nc3 Qxc5 6. Nb5 Na6 7. c3 Bd7 8. a4 g6 9. Nf3 Bg7 10. Be5 O-O 11. Bd4 Qc8 12. Nxa7 Rxa7 13. Bxa7 Ne4 14. Bd4 f6 15. Be2 Qc6 16. a5 e5 17. Bb6 Bf5 18. O-O Nd6 19. b4 Nc4 20. Qa4 Qxa4 21. Rxa4 Bd7 22. Raa1 f5 23. Rfd1 Be6 24. Ng5 1-0


[Site "https://www.chess.com"]

[Event "Titled Tuesday Blitz December 06 Early 2022"]
[White "Movahed, Sina"]
[Black "Sagita, Catur Adi"]
[WhiteFideId "42520835"]
[BlackFideId "7104618"]
[WhiteElo "2225"]
[BlackElo "2232"]
[Result "1-0"]
[Round "08"]
[TimeControl "180+1"]
[Date "2022.12.06"]
[WhiteClock "0:00:36"]
[BlackClock "0:01:52"]

1. e4 c5 2. Nf3 e6 3. b3 Nc6 4. Bb2 Nf6 5. e5 Nd5 6. c4 Nc7 7. Bd3 Be7 8. Nc3 O-O 9. Qb1 g6 10. Ne4 Nb4 11. Be2 b6 12. a3 Nc6 13. h4 h5 14. g4 hxg4 15. Nh2 g3 16. Ng4 g2 17. Rg1 Nd4 18. Nef6+ Kg7 19. h5 Rh8 20. h6+ Kf8 21. Qe4 d5 22. exd6 Qxd6 23. Rxg2 Rb8 24. Bxd4 cxd4 25. Rg3 Bb7 26. Qd3 e5 27. Ne4 Bxe4 28. Qxe4 f5 29. Qxe5 Qxe5 30. Nxe5 Rxh6 31. Nd7+ Kf7 32. Nxb8 Rh1+ 33. Bf1 Ne6 34. Nc6 Bh4 35. Rh3 1-0


[Site "https://www.chess.com"]

[Event "Titled Tuesday Blitz December 06 Early 2022"]
[White "Muminova, Nafisa"]
[Black "Mendez Fortes, Eduardo Jesus"]
[WhiteFideId "14201526"]
[BlackFideId "3502376"]
[WhiteElo "2258"]
[BlackElo "2307"]
[Result "0-1"]
[Round "08"]
[TimeControl "180+1"]
[Date "2022.12.07"]
[WhiteClock "0:01:42"]
[BlackClock "0:01:35"]

1. e4 e5 2. Nf3 Nc6 3. d4 exd4 4. Nxd4 Nf6 5. Nxc6 bxc6 6. e5 Qe7 7. Qe2 Nd5 8. c4 Nb6 9. Nd2 a5 10. Nf3 Ba6 11. b3 a4 12. Qe4 d5 13. cxd5 Bxf1 14. Kxf1 cxd5 15. Qc2 axb3 16. Qxb3 Qc5 17. Be3 Qc4+ 18. Qxc4 Nxc4 19. Ke2 Nxe3 20. Kxe3 Bc5+ 21. Ke2 Kd7 22. a4 Rhb8 23. Rhd1 c6 24. Nd4 Rb2+ 25. Ke3 Rb4 26. a5 Re8 27. f4 f6 28. Rac1 Ba7 29. Rb1 Bxd4+ 0-1


[Site "https://www.chess.com"]

[Event "Titled Tuesday Blitz December 06 Early 2022"]
[White "Najdin, Danil"]
[Black "Ciuffoletti, Paolo"]
[WhiteFideId "4172426"]
[BlackFideId "807630"]
[WhiteElo "2245"]
[BlackElo "2143"]
[Result "1/2-1/2"]
[Round "08"]
[TimeControl "180+1"]
[Date "2022.12.07"]
[WhiteClock "0:00:05"]
[BlackClock "0:00:03"]

1. d4 d5 2. c4 c6 3. Nc3 Nf6 4. e3 a6 5. c5 e5 6. dxe5 Ng4 7. Nf3 Nd7 8. e4 Bxc5 9. Nd4 Ndxe5 10. exd5 Qf6 11. f4 Bxd4 12. Ne4 Qe7 13. Qxd4 cxd5 14. fxe5 dxe4 15. Bf4 O-O 16. h3 Rd8 17. Qc3 Nh6 18. Be2 Nf5 19. O-O Be6 20. Bg4 Rac8 21. Qe1 Qc5+ 22. Kh2 Nd4 23. Bxe6 Nxe6 24. Qxe4 Rd4 25. Qf5 Nxf4 26. Rxf4 Rxf4 27. Qxf4 Re8 28. Re1 Qa5 29. Qe4 Qxa2 30. Qxb7 Qc4 31. Qe4 Qxe4 32. Rxe4 h6 33. Kg3 Rb8 34. b4 Rb5 35. Kf4 Kf8 36. Rc4 Ke7 37. Rc7+ Ke6 38. Rc6+ Ke7 39. Rxa6 Rxb4+ 40. Kf3 Rb3+ 41. Ke4 Rb4+ 42. Kd5 Rb2 43. Ra7+ Ke8 44. g4 Rd2+ 45. Ke4 Rh2 46. Ra3 Ke7 47. Kf4 Rf2+ 48. Kg3 Re2 49. Kf4 Rf2+ 50. Ke3 Rh2 51. Ke4 Re2+ 52. Kf4 Rh2 53. Ra7+ Ke6 54. Ra6+ Ke7 55. Ra3 Rf2+ 1/2-1/2


[Site "https://www.chess.com"]

[Event "Titled Tuesday Blitz December 06 Early 2022"]
[White "Nugumanov, Bakhtiyar"]
[Black "Kuchava, Ana"]
[WhiteFideId "13701797"]
[BlackFideId "13605348"]
[WhiteElo "2287"]
[BlackElo "2001"]
[Result "1-0"]
[Round "08"]
[TimeControl "180+1"]
[Date "2022.12.07"]
[WhiteClock "0:00:12"]
[BlackClock "0:00:02"]

1. e4 c5 2. Nf3 d6 3. d4 cxd4 4. Nxd4 Nf6 5. Nc3 Nc6 6. Bg5 Bd7 7. Bxf6 gxf6 8. Qd2 Qb6 9. Nb3 a5 10. Nd5 Qd8 11. O-O-O e6 12. Ne3 a4 13. Nd4 Qa5 14. Kb1 Qxd2 15. Rxd2 Bh6 16. Nb5 Bxe3 17. fxe3 Ke7 18. Nxd6 Rhb8 19. Nxf7 b5 20. Be2 b4 21. Rhd1 Ra7 22. Nd6 b3 23. cxb3 axb3 24. a3 Ne5 25. Nc4 Nc6 26. e5 fxe5 27. Bf3 Rb5 28. Nd6 Rc5 29. Ne4 Rd5 30. Rxd5 exd5 31. Rxd5 Bf5 32. g4 Bg6 33. h4 Ra4 34. Rc5 Kd7 35. Rd5+ Kc7 36. Kc1 Bxe4 37. Bxe4 Rxe4 38. Kd2 Rxg4 39. Rb5 Rg2+ 40. Kc3 Re2 41. Kxb3 Rxe3+ 42. Ka2 Re4 43. h5 Rh4 44. Rb3 Rxh5 45. Rg3 e4 46. b4 Rh2+ 47. Kb3 Nd4+ 48. Kc4 Nf5 49. Rg5 Ne3+ 50. Kc5 Nc2 51. a4 Kb7 52. Rg7+ Kc8 53. Kc6 Nxb4+ 54. Kc5 Rb2 55. Rxh7 Nd3+ 56. Kd4 Rb4+ 57. Ke3 Rxa4 58. Re7 Nc5 59. Re5 Rc4 60. Re7 Kd8 61. Rh7 Rc3+ 62. Kd4 Rc1 63. Rh5 1-0


[Site "https://www.chess.com"]